 Dungeon Crawl Stone Soup version 0.25.1-8-g42b30a86e7 (webtiles) character file.

Game seed: 1002303302757599404

367 SecondThought the Magician (level 6, -1/28 HPs)
             Began as a Spriggan Conjurer on Nov 30, 2020.
             Was an Initiate of Sif Muna.
             Slain by an ice beast (13 damage)
             ... on level 5 of the Dungeon on Dec 5, 2020.
             The game lasted 00:35:36 (5316 turns).

SecondThought the Magician (Spriggan Conjurer)      Turns: 5316, Time: 00:35:36

Health: -1/28      AC:  2    Str:  4    XL:     6   Next: 41%
Magic:  25/25      EV: 19    Int: 18    God:    Sif Muna [......]
Gold:   306        SH:  0    Dex: 17    Spells: 3/17 levels left

rFire    . . .     SeeInvis +   b - +0 short sword
rCold    . . .     Gourm    .   (shield restricted)
rNeg     . . .     Faith    .   w - +0 robe
rPois    .         Spirit   .   (helmet restricted)
rElec    .         Reflect  .   v - scarf {harm}
rCorr    .         Harm     +   (gloves unavailable)
MR       +....                  (boots unavailable)
Stlth    ++........             (no amulet)
HPRegen  0.09/turn              n - +4 ring of slaying
MPRegen  0.19/turn              u - ring of magical power

@: very quick
A: very small, unfitting armour, see invisible, herbivore, speed 3, slow
metabolism 2
a: Renounce Religion


You were on level 5 of the Dungeon.
You worshipped Sif Muna.
Sif Muna was noncommittal.
You were not hungry.

You visited 2 branches of the dungeon, and saw 6 of its levels.

You collected 306 gold pieces.

Inventory:

Hand Weapons
 b - a +0 short sword (weapon)
Armour
 v - a scarf of harm (worn)
 w - a +0 robe (worn)
Jewellery
 h - a cursed amulet of reflection
 k - a -4 ring of strength
 n - a +4 ring of slaying (left hand)
 u - a ring of magical power (right hand)
 x - a cursed ring of attention {unknown}
 y - an uncursed amulet of guardian spirit {unknown}
Wands
 o - a wand of digging (6)
 C - a wand of clouds (5)
Scrolls
 a - 2 scrolls of enchant armour {unknown}
 d - 3 scrolls of teleportation {unknown}
 e - 3 scrolls of remove curse
 l - 2 scrolls of noise {unknown}
 m - a scroll of random uselessness {unknown}
 p - 4 scrolls of magic mapping {unknown}
 r - 4 scrolls of identify {unknown}
 A - 2 scrolls of fog {unknown}
 E - a scroll of enchant weapon {unknown}
 F - 3 scrolls of immolation {unknown}
Potions
 f - a potion of heal wounds {unknown}
 g - 2 potions of brilliance {unknown}
 i - 3 potions of resistance
 j - a potion of berserk rage {unknown}
 q - a potion of flight {unknown}
 s - a potion of haste {unknown}
 t - a potion of lignification {unknown}
 z - a potion of curing {unknown}
 B - a potion of mutation {unknown}
 D - a potion of might {unknown}
Comestibles
 c - 7 rations


   Skills:
 - Level 0.1 Short Blades
 + Level 3.6 Dodging
 - Level 3.0 Stealth
 + Level 6.1 Spellcasting
 * Level 4.5 Conjurations


You had 3 spell levels left.
You knew the following spells:

 Your Spells              Type           Power        Failure   Level  Hunger
a - Magic Dart            Conj           ###.         1%          1    None
b - Searing Ray           Conj           ###...       2%          2    None
c - Fulminant Prism       Conj/Hex       ##........   43%         4    ####...
d - Iskenderun's Mystic   Conj/Tloc      ##......     43%         4    ####...
e - Gell's Gravitas       Tloc           #.........   34%         3    ##.....

Your spell library contained the following spells:

 Spells                   Type           Power        Failure   Level  Hunger
 Dazzling Flash           Conj/Hex       ##....       14%         3    ##.....
 Confusing Touch          Hex            #.......     34%         3    ##.....
 Petrify                  Tmut/Erth      #.......     75%         4    ####...
 Metabolic Englaciation   Hex/Ice        #.........   97%         5    #####..
 Yara's Violent Unravell  Hex/Tmut       #.........   97%         5    #####..


Dungeon Overview and Level Annotations

Branches:
Dungeon (5/15)             Temple (1/1) D:4

Altars:
Ashenzari
Cheibriados
Dithmenos
Elyvilon
Fedhas
Gozag
Hepliaklqana
Kikubaaqudgha
Makhleb
Nemelex Xobeh
Okawaru
Qazlal
Ru
Sif Muna
Trog
Uskayaw
Vehumet
Wu Jian
Yredelemnul
Zin
The Shining One

Annotations:
D:5 1 transporter


Innate Abilities, Weirdness & Mutations

You are very small and have problems with some larger weapons.
You are too small for most types of armour.
You have supernaturally acute eyesight. (SInv)
You are a herbivore.
You cover ground extremely quickly.
You need to consume almost no food.


Message History

Found a transporter.
Found a potion of resistance.
There is a transporter here.
You enter the transporter and appear at another place.
i - 3 potions of resistance (gained 1)
There is a transporter landing site here.
Really walk into that cloud of freezing vapour? [Y]es or [N]o only, please.
Really walk into that cloud of freezing vapour?
Okay, then.
You can't go up here!
You can't go down here!
You open the gate.
There is an open gate here.
Really walk into a travel-excluded area?
Really walk into that cloud of freezing vapour?
You are engulfed in freezing vapours.
Ouch! That really hurt!
The ice beast hits you. The ice beast freezes you!
You die...

##.# ##..# # #.... ..###...
....... ########## ..
....########.°○°☼#..###..
#..#○○..○.#°○○○°#... ..#
##.#°°☼○○○#..Y○°#..##..#
##..#°○#.#.○Y@.$?#...#..# ##
#..©#..©...°°°.$©#©..#..#
...#...#.○#.#.°☼○.$%#....#.#
.......#○☼○°○°#Y°°°☼#....#.#
.......#°°°.°☼#.○°°○#......#
.......########°°○°Y##.....##
............##########......#
..............##....###.....#
...............##...####....#


You could see 4 ice beasts.

Vanquished Creatures
  A vampire bat (D:4)
  A centaur skeleton (D:5)
  4 hounds
  A worker ant (D:5)
  A hound skeleton (D:5)
  6 adders
  A howler monkey skeleton (D:4)
  A worm (D:2)
  A dart slug (D:1)
  3 leopard geckos
  3 orcs
  13 bats
  2 giant cockroaches
  5 goblins
  8 hobgoblins
  4 jackals (D:4)
  4 frilled lizards
  9 kobolds
  A leopard gecko skeleton (D:4)
  A quokka skeleton (D:4)
  5 rats
75 creatures vanquished.

Notes
Turn   | Place    | Note
-------+----------+-------------------------------------------
     0 | D:1      | SecondThought the Spriggan Conjurer began the quest for the
                  | Orb.
     0 | D:1      | Reached XP level 1. HP: 9/9 MP: 5/5
   333 | D:1      | Reached XP level 2. HP: 13/13 MP: 0/6
   337 | D:1      | Learned a level 2 spell: Searing Ray
   409 | D:1      | Found a blossoming altar of Fedhas.
   690 | D:1      | Reached skill level 3 in Spellcasting
  1067 | D:2      | Reached XP level 3. HP: 16/16 MP: 2/8
  1546 | D:2      | Found a sacrificial altar of Ru.
  1560 | D:2      | Found a snail-covered altar of Cheibriados.
  1572 | D:2      | Found an opulent altar of Gozag.
  1575 | D:2      | Found a burning altar of Makhleb.
  1831 | D:2      | Found a shadowy altar of Dithmenos.
  2074 | D:2      | Found a white marble altar of Elyvilon.
  2658 | D:3      | Reached XP level 4. HP: 19/21 MP: 4/10
  2769 | D:3      | Reached skill level 4 in Spellcasting
  3295 | D:3      | Lost strength.
  3500 | D:4      | Found a bloodstained altar of Trog.
  3689 | D:4      | Reached XP level 5. HP: 24/24 MP: 13/13
  3793 | D:4      | Reached skill level 5 in Spellcasting
  4333 | D:4      | Found a staircase to the Ecumenical Temple.
  4358 | Temple   | Entered the Ecumenical Temple
  4445 | Temple   | Became a worshipper of Vehumet
  4564 | Temple   | Fell from the grace of Vehumet
  4564 | Temple   | Became a worshipper of Sif Muna the Loreminder
  4911 | D:4      | Found a staircase to the Ecumenical Temple.
  4920 | D:5      | Entered Level 5 of the Dungeon
  4923 | D:5      | Reached XP level 6. HP: 25/28 MP: 15/15
  4972 | D:5      | Found a transporter.
  4977 | D:5      | Noticed an ice beast
  4977 | D:5      | Noticed an ice beast
  4978 | D:5      | Noticed an ice beast
  4979 | D:5      | Noticed an ice beast
  5042 | D:5      | Reached skill level 6 in Spellcasting
  5189 | D:5      | Learned a level 4 spell: Fulminant Prism
  5194 | D:5      | Learned a level 4 spell: Iskenderun's Mystic Blast
  5198 | D:5      | Learned a level 3 spell: Gell's Gravitas
  5292 | D:5      | Found a transporter.
  5316 | D:5      | Slain by an ice beast

Illustrated notes

Levels and vault maps discovered:
D:1:      nicolae_arrival_memento_mori, layout_loops_ring, minmay_hexomino_r4
D:2:      layout_loops_corners, nicolae_overflow_hidden_temple,
          grunt_temple_overflow_cloverleaf, elyvilon_altar_3
D:3:      layout_basic, minmay_increasing_density
D:4:      layout_basic, bloody_trog, minmay_temple_entry_junction_2,
          roderic_batcave
D:5:      gammafunk_cloud_chamber, layout_cave_pods, first_ration
Temple:   regret_index_temple_generic_petals

Skill      XL: |  1  2  3  4  5  6 |
---------------+-------------------+-----
Conjurations   | 3 4 |  4.5
Spellcasting   | 3 4 5 6 |  6.1
Short Blades   | |  0.1
Dodging        | |  3.6
Stealth        | |  3.0

Action                   |  1- 3 |  4- 6 || total
-------------------------+-------+-------++-------
Melee: Short sword       |     9 |     2 ||    11
 Cast: Magic Dart        |    96 |    73 ||   169
       Searing Ray       |     4 |     5 ||     9
  Use: Scroll            |       |     1 ||     1
  Eat: Ration            |       |     1 ||     1
Armor: Robe              |     5 |     4 ||     9
Dodge: Dodged            |    20 |    18 ||    38
